 Dungeon Crawl Stone Soup version 0.24.0-37-gcf1ca852f1 (webtiles) character file.

Game seed: 7528726872021911496, levelgen mode: deterministic

816 Kobolds4U the Conjurer (level 7, -5/59 HPs)
             Began as a Pale Draconian Conjurer on Nov 24, 2019.
             Slain by Grinder (7 damage)
             ... on level 4 of the Dungeon.
             The game lasted 00:16:14 (6338 turns).

Kobolds4U the Conjurer (Pale Draconian Conjurer)    Turns: 6338, Time: 00:16:15

Health: -5/59      AC: 11    Str: 14    XL:     7   Next: 62%
Magic:  7/12       EV:  9    Int: 16    God:
Gold:   180        SH: 13    Dex: 12    Spells: 7/13 levels left

rFire    + . .     SeeInvis .   v - +0 rapier
rCold    . . .     Gourm    .   d - +1 shield
rNeg     . . .     Faith    .   (armour unavailable)
rPois    .         Spirit   .   (helmet restricted)
rElec    .         Reflect  +   A - +1 cloak
rCorr    .         Harm     .   t - +2 pair of gloves
MR       .....                  (no boots)
Stlth    ++........             q - +5 amulet of reflection
HPRegen  0.19/turn              k - +3 ring of strength
MPRegen  0.13/turn              w - ring of protection from fire

@: very slightly contaminated
A: breathe steam, unfitting armour, cold-blooded, AC +6
a: Breathe Steam


You were on level 4 of the Dungeon.
You were not hungry.

You visited 1 branch of the dungeon, and saw 4 of its levels.

You collected 180 gold pieces.

Inventory:

Hand Weapons
 a - a +0 mace
 v - a +0 rapier (weapon)
Missiles
 h - 12 boomerangs (quivered)
Armour
 d - a +1 shield (worn)
 t - a +2 pair of gloves (worn)
 A - a +1 cloak (worn)
Jewellery
 k - a +3 ring of strength (left hand)
 q - a +5 amulet of reflection (around neck)
 w - a ring of protection from fire (right hand)
 x - an uncursed amulet of magic regeneration
 y - an uncursed ring of protection from cold
Wands
 r - a wand of digging (3)
Scrolls
 e - a scroll of enchant armour
 i - a scroll of remove curse
 l - a scroll of magic mapping {unknown}
 s - a scroll of teleportation {unknown}
Potions
 c - a potion of mutation {unknown}
 f - 2 potions of magic {unknown}
 g - a potion of berserk rage {unknown}
 m - 2 potions of resistance {unknown}
 n - 3 potions of lignification {unknown}
 o - a potion of flight {unknown}
 p - 5 potions of curing
 u - a potion of haste {unknown}
 z - 2 potions of brilliance {unknown}
Comestibles
 b - 8 rations
 j - 2 chunks of flesh


   Skills:
 - Level 4.0 Fighting
 + Level 3.4 Short Blades
 - Level 1.7 Dodging
 - Level 1.7 Stealth
 - Level 3.7 Spellcasting
 - Level 5.0 Conjurations
 * Level 4.1 Hexes


You had 7 spell levels left.
You knew the following spells:

 Your Spells              Type           Power        Failure   Level  Hunger
a - Magic Dart            Conj           ###.         16%         1    None
b - Searing Ray           Conj           ###...       22%         2    ##.....
c - Dazzling Spray        Conj/Hex       ###...       50%         3    ###....

Your spell library contained the following spells:

 Spells                   Type           Power        Failure   Level  Hunger
 Iskenderun's Mystic Bla  Conj           ###.....     83%         4    ####...
 Fulminant Prism          Conj/Hex       ###.......   88%         4    ####...
 Force Lance              Conj/Tloc      ##......     99%         4    ####...


Dungeon Overview and Level Annotations

Branches:
Dungeon (4/15)
 Temple: D:4-7

Altars:
Ashenzari
Gozag
Okawaru
Yredelemnul
Zin

Annotations:
D:4 Dowan, Grinder


Innate Abilities, Weirdness & Mutations

You can breathe blasts of scalding, opaque steam.
Your pale cyan-grey scales are hard. (AC +6)
You cannot fit into any form of body armour.
You are cold-blooded and may be slowed by cold attacks.


Message History

You miscast Searing Ray.
You are very lightly contaminated with residual magic.
You smell something strange.
Grinder hits you!
* * * LOW HITPOINT WARNING * * *
You writhe in agony.
* * * LOW HITPOINT WARNING * * *
Casting: Searing Ray (safe; 22% risk of failure)
Confirm with . or Enter, or press ? or * to list all spells.
Aiming: Searing Ray (safe; 22% risk of failure)
Press: ? - help, Shift-Dir - straight line, f/p - Grinder
Aim: Grinder (lightly wounded)
The searing ray hits Grinder.
Grinder is moderately wounded. (Press . to maintain the ray.) Grinder hits you.
* * * LOW HITPOINT WARNING * * *
You writhe in agony.
* * * LOW HITPOINT WARNING * * *
The searing ray misses Grinder.
Grinder hits you!
You die...

#.#######........#
#####.# ##.....#### #
#.....# #........# #
#.....######........#
#####..........÷........#
#...........####........#
........................#
)............##...###'###
...........[.###@.###.#
...............5)...#.#
......................#
#######..........(....# #
#....≈....≈...#.#
#............##.#
##.....≈≈....##.#
#.....≈≈....##.#
#...........##.#


You could see Grinder.

Vanquished Creatures
  Duvessa (D:4)
  A phantom (D:4)
  An ogre (D:3)
  Blork the orc (D:4)
  A water moccasin skeleton (D:4)
  A howler monkey (D:4)
  A hound (D:4)
  An orc wizard (D:3)
  2 worker ants (D:4)
  Terence (D:3)
  7 gnolls
  5 adders
  An ooze (D:2)
  4 worms
  3 dart slugs
  3 leopard geckos
  10 orcs
  2 ball pythons
  3 giant cockroaches
  10 goblins
  12 hobgoblins
  22 jackals
  2 quokkas
  8 bats
  2 frilled lizards
  A jackal zombie (D:2)
  4 kobolds
  6 rats
116 creatures vanquished.

Notes
Turn   | Place    | Note
-------+----------+-------------------------------------------
     0 | D:1      | Kobolds4U the Draconian Conjurer began the quest for the
                  | Orb.
     0 | D:1      | Reached XP level 1. HP: 14/14 MP: 3/3
   112 | D:1      | Reached skill level 1 in Fighting
   120 | D:1      | Reached XP level 2. HP: 14/24 MP: 0/5
   364 | D:1      | Learned a level 2 spell: Searing Ray
  1385 | D:2      | Reached XP level 3. HP: 31/31 MP: 0/6
  1442 | D:1      | Learned a level 3 spell: Dazzling Spray
  1910 | D:2      | Reached XP level 4. HP: 40/40 MP: 3/7
  2359 | D:2      | Found an opulent altar of Gozag.
  2619 | D:3      | Found a shattered altar of Ashenzari.
  2630 | D:3      | Found a basalt altar of Yredelemnul.
  2631 | D:3      | Found an iron altar of Okawaru.
  2631 | D:3      | Found a glowing silver altar of Zin.
  2655 | D:3      | Noticed an ogre
  2685 | D:3      | HP: 1/40 [ogre/+0 giant club (13)]
  2687 | D:3      | Killed an ogre
  2687 | D:3      | Reached XP level 5. HP: 2/46 MP: 3/10
  3374 | D:3      | Noticed Terence
  3437 | D:3      | Killed Terence
  3566 | D:3      | Reached skill level 1 in Short Blades
  3793 | D:3      | Reached XP level 6. HP: 29/52 MP: 11/11
  4308 | D:4      | Noticed Duvessa
  4309 | D:4      | Noticed Dowan
  4491 | D:4      | Reached skill level 1 in Hexes
  4861 | D:4      | Noticed Blork the orc
  4974 | D:4      | Killed Blork the orc
  5019 | D:4      | Reached skill level 5 in Conjurations
  5169 | D:4      | Noticed Grinder
  5218 | D:4      | Your scales start taking on a pale cyan-grey colour.
  5218 | D:4      | Reached XP level 7. HP: 52/59 MP: 12/12
  5727 | D:4      | Killed Duvessa
  6133 | D:4      | Paralysed by Grinder for 4 turns
  6329 | D:4      | Paralysed by Grinder for 6 turns
  6337 | D:4      | HP: 1/59 [Grinder (3)]
  6338 | D:4      | Slain by Grinder

Levels and vault maps discovered:
D:1:      lemuel_arrival_funnel, layout_basic
D:2:      layout_basic, grunt_gozag_breadcrumbs, first_ration,
          minmay_door_square
D:3:      layout_loops_ring, chequers_temple_overflow_statue_of_worship,
          minmay_joined_circles, uniq_terence
D:4:      lemuel_castle_with_subvaults [lemuel_castle_interior_carwin_2],
          layout_basic, minmay_misc_feat_columns, skrybe_limestone_x,
          uniq_grinder, uniq_duvessa, uniq_blork_the_orc

Skill      XL: |  1  2  3  4  5  6  7 |
---------------+----------------------+-----
Fighting       | 1 3 4 |  4.0
Spellcasting   | 3 |  3.7
Short Blades   | 1 2 3 |  3.4
Hexes          | 2 4 |  4.1
Conjurations   | 5 |  5.0
Dodging        | |  1.7
Stealth        | |  1.7

Action                   |  1- 3 |  4- 6 |  7- 9 || total
-------------------------+-------+-------+-------++-------
Melee: Mace              |    65 |    22 |       ||    87
       Unarmed           |     3 |       |       ||     3
       Tailslap          |     5 |    17 |    15 ||    37
       Rapier            |       |   110 |   125 ||   235
 Cast: Magic Dart        |    52 |    64 |    19 ||   135
       Searing Ray       |     1 |    12 |     3 ||    16
 Abil: Breathe Steam     |       |       |     1 ||     1
  Use: Scroll            |       |     6 |     1 ||     7
       Potion            |       |       |     1 ||     1
 Stab: Sleeping          |       |     1 |       ||     1
  Eat: Chunk             |     4 |    12 |     4 ||    20
Armor: Skin              |    34 |    40 |    54 ||   128
Dodge: Dodged            |    43 |    76 |    44 ||   163
Block: Shield            |     1 |    77 |    98 ||   176
